Map: Frozen Temple

Players

PtitDrogo

  • Race: Protoss Protoss
  • League: Master

Nerchio - Winner!

  • Race: Zerg Zerg
  • League: Master

Event: DreamHack ZOWIE Open Valencia 2016

VOD

Have the link to the VOD?

Description

Time

  • Played on: July 15, 2016, 8:48 a.m.
  • Length: 8:46

All games in this series

Show
View Real Time Build Order
Export as new Build Order

PtitDrogo Protoss 

Build Orders: 1 Gate Expand, Oracle Opening 

Get SALT Encoding   

  12  0:00  Probe (Chrono Boost)  
  13  0:11  Probe (Chrono Boost)  
  14  0:18  Pylon  
  14  0:22  Probe (Chrono Boost)  
  15  0:36  Probe (Chrono Boost)  
  15  0:38  Gateway  
  16  0:46  Assimilator  
  16  0:51  Probe (Chrono Boost)  
  17  1:01  Probe (Chrono Boost)  
  18  1:12  Probe (Chrono Boost)  
  19  1:20  Nexus  
  19  1:23  Probe (Chrono Boost)  
  20  1:31  Cybernetics Core  
  20  1:34  Probe (Chrono Boost)  
  20  1:39  Assimilator  
  21  1:45  Probe (Chrono Boost)  
  22  1:49  Pylon  
  22  1:55  Probe (Chrono Boost)  
  23  2:03  Stalker  
  23  2:08  Warp Gate  
  26  2:09  Probe (Chrono Boost)  
  26  2:21  Probe (Chrono Boost)  
  27  2:30  Adept, Stargate  
  27  2:32  Probe (Chrono Boost)  
  27  2:33  Probe (Chrono Boost)  
  31  2:43  Probe (Chrono Boost)  
  33  2:45  Probe (Chrono Boost)  
  33  2:53  Probe (Chrono Boost)  
  33  2:54  Adept  
  33  2:57  Probe (Chrono Boost)  
  37  3:04  Probe (Chrono Boost)  
  38  3:11  Oracle  
  39  3:13  Probe (Chrono Boost)  
  39  3:18  Adept  
  39  3:19  Probe (Chrono Boost)  
  43  3:23  Pylon  
  43  3:27  Probe (Chrono Boost)  
  46  3:30  Gateway  
  46  3:31  Gateway  
  49  3:42  Probe (Chrono Boost)  
  49  3:44  Mothership Core (Chrono Boost)  
  51  3:55  Probe (Chrono Boost)  
  50  3:58  Nexus  
  50  4:00  Pylon  
  51  4:04  Probe (Chrono Boost)  
  51  4:07  Probe (Chrono Boost)  
  52  4:12  Adept  
  54  4:20  Probe (Chrono Boost)  
  55  4:28  Probe (Chrono Boost)  
  55  4:29  Assimilator x2  
  56  4:33  Probe (Chrono Boost)  
  56  4:35  Pylon  
  60  4:39  Twilight Council  
  60  4:40  Probe (Chrono Boost)  
  60  4:41  Forge  
  60  4:42  Adept x2  
  62  4:53  Robotics Facility  
  62  4:55  Probe (Chrono Boost)  
  62  4:56  Probe (Chrono Boost)  
  65  5:07  Probe (Chrono Boost)  
  65  5:09  Probe (Chrono Boost)  
  65  5:10  Probe (Chrono Boost)  
  65  5:11  Sentry x3  
  73  5:17  Pylon, Blink  
  73  5:18  Protoss Ground Weapons Level 1  
  73  5:19  Probe (Chrono Boost)  
  73  5:20  Probe (Chrono Boost)  
  73  5:21  Probe (Chrono Boost)  
  76  5:31  Probe (Chrono Boost)  
  76  5:33  Probe (Chrono Boost)  
  76  5:34  Probe (Chrono Boost)  
  79  5:37  Gateway  
  79  5:38  Gateway  
  79  5:39  Gateway  
  79  5:40  Gateway  
  79  5:41  Warp Prism  
  79  5:42  Gateway  
  80  5:43  Probe (Chrono Boost)  
  80  5:49  Probe (Chrono Boost)  
  84  5:50  Probe (Chrono Boost)  
  84  5:53  Pylon  
  84  5:56  Sentry x2  
  88  6:00  Probe (Chrono Boost)  
  88  6:01  Probe (Chrono Boost)  
  88  6:02  Probe (Chrono Boost)  
  92  6:12  Probe (Chrono Boost), Assimilator  
  92  6:13  Probe (Chrono Boost)  
  92  6:14  Probe (Chrono Boost), Assimilator  
  92  6:16  Observer, Gateway  
  94  6:25  Probe x2 (Chrono Boost)  
  97  6:26  Photon Cannon  
  97  6:36  Stalker, Probe (Chrono Boost)  
  97  6:39  Pylon  
  100  6:41  Pylon  
  100  6:42  Pylon x2  
  100  6:48  Robotics Bay  
  100  6:50  Robotics Facility  
  100  7:04  Stalker x5  
  100  7:05  Stalker x2  
  114  7:09  Pylon  
  114  7:12  Pylon  
  103  7:24  Immortal  
  93  7:31  Stalker  
  93  7:32  Stalker x7  
  93  7:33  Immortal  
  98  7:52  Stalker  
  98  7:58  Disruptor  
  95  8:01  Stalker x5  
  97  8:18  Stalker x4  
Show
View Real Time Build Order
Export as new Build Order

Nerchio Zerg - Winner!

Build Orders: Hatch First 

Get SALT Encoding   

  12  0:00  Drone  
  13  0:12  Overlord  
  13  0:17  Drone  
  14  0:31  Drone x2  
  14  0:34  Drone  
  17  0:52  Hatchery  
  17  0:55  Drone  
  17  0:58  Drone  
  17  1:03  Extractor  
  17  1:14  Spawning Pool  
  17  1:17  Drone  
  17  1:20  Drone  
  18  1:28  Drone  
  19  1:38  Overlord  
  19  1:49  Drone  
  20  2:01  Queen  
  22  2:03  Metabolic Boost  
  22  2:04  Queen  
  22  2:05  Zergling x2  
  25  2:08  Drone  
  25  2:11  Drone  
  25  2:15  Drone  
  28  2:22  Drone  
  29  2:26  Drone  
  30  2:36  Hatchery  
  29  2:37  Drone  
  29  2:40  Zergling x2  
  31  2:46  Overlord  
  31  2:48  Drone  
  32  2:54  Drone  
  32  2:58  Drone  
  34  3:05  Overlord  
  33  3:10  Drone x4  
  37  3:13  Drone  
  37  3:14  Drone x2  
  37  3:18  Queen  
  42  3:24  Roach Warren  
  41  3:27  Drone  
  41  3:28  Drone  
  41  3:31  Overlord  
  43  3:42  Drone  
  43  3:43  Drone x2  
  43  3:44  Extractor  
  43  3:45  Overlord  
  45  4:01  Lair  
  45  4:03  Roach x3  
  50  4:10  Roach  
  50  4:11  Drone x3  
  50  4:16  Queen  
  55  4:17  Drone x3  
  55  4:18  Drone x2  
  55  4:21  Drone  
  55  4:22  Drone  
  59  4:26  Drone x2  
  59  4:28  Drone  
  59  4:30  Drone  
  62  4:32  Drone  
  62  4:36  Spore Crawler  
  62  4:38  Drone x2  
  62  4:43  Queen  
  66  4:48  Spore Crawler  
  65  4:56  Overlord  
  65  4:57  Zergling x12  
  71  5:01  Zergling x6  
  71  5:03  Overlord  
  74  5:10  Overlord  
  74  5:12  Glial Reconstitution  
  74  5:13  Hydralisk Den  
  73  5:16  Drone x3  
  73  5:17  Extractor  
  73  5:18  Drone x2  
  73  5:20  Drone  
  78  5:27  Evolution Chamber, Extractor  
  78  5:28  Drone x3  
  79  5:29  Drone  
  79  5:31  Drone  
  79  5:32  Drone  
  79  5:33  Drone  
  83  5:41  Hatchery  
  83  5:42  Drone  
  83  5:44  Drone  
  83  5:45  Drone  
  83  5:47  Drone  
  86  5:52  Roach x3  
  86  5:55  Overlord  
  92  6:00  Roach x2  
  92  6:02  Zerg Melee Weapons Level 1  
  92  6:03  Overlord  
  96  6:08  Overlord  
  96  6:10  Overlord  
  95  6:14  Roach x3  
  95  6:16  Roach  
  95  6:18  Roach  
  104  6:19  Overlord  
  104  6:23  Lurker Den  
  104  6:28  Drone x3  
  104  6:29  Extractor  
  106  6:34  Roach x3  
  112  6:41  Ravager x2  
  112  6:44  Ravager  
  112  6:45  Zergling x8  
  112  6:46  Zergling x10  
  128  6:54  Roach x3  
  128  6:55  Roach x2  
  128  6:57  Roach  
  128  6:58  Overlord  
  136  7:05  Roach x4  
  144  7:08  Overlord  
  144  7:11  Overlord  
  143  7:15  Overlord x2  
  134  7:29  Roach x8  
  150  7:35  Zergling x2  
  150  7:36  Ravager x3  
  154  7:38  Roach  
  154  7:40  Roach, Zergling x2  
  154  7:42  Queen  
  161  7:49  Roach x5  
  161  7:51  Zergling x2  
  172  7:58  Zergling x10  
  174  8:02  Zergling x2  
  169  8:06  Zergling x4  
  169  8:07  Zergling x2  
  169  8:10  Zergling x4  
  169  8:11  Zergling x4  
  166  8:14  Roach x3  
  166  8:18  Roach x2  
  166  8:19  Roach  
  175  8:20  Roach  
  175  8:26  Zergling x2  
  174  8:28  Zergling x4  

Tags
 
Add a new tag
Caveats
  • Supply blocks, unpowered buildings, or Contaminate may cause inaccurate times.
  • Supply counts are checked every 10 seconds.